 Dungeon Crawl Stone Soup version 0.30.1-11-g7821555f0a (webtiles) character file.

Game seed: 4425278774766527467

58 booth the Chopper (level 3, -4/29 HPs)
             Began as a Demonspawn Monk on Dec 28, 2023.
             Slain by Ijyb
             ... wielding a +0 club
              (7 damage)
             ... on level 3 of the Dungeon.
             The game lasted 00:11:00 (1574 turns).

booth the Chopper (Demonspawn Monk)                 Turns: 1574, Time: 00:11:01

Health: -4/29      AC:  4    Str: 13    XL:     3   Next: 75%
Magic:  0/3        EV: 12    Int: 11    God:
Gold:   95         SH:  0    Dex: 15    Spells: 2/2 levels left

rFire   + . .        a - +0 hand axe
rCold   . . .        d - orb {light}
rNeg    . . .        k - +1 leather armour
rPois   .            (no helmet)
rElec   .            (no cloak)
rCorr   .            (no gloves)
SInv    +            (no boots)
Will    .....        g - amulet of guardian spirit Stlth
                     l - ring of protection from fire
HPRegen 0.24/turn    p - ring of see invisible
MPRegen 0.08/turn

%: guardian spirit
@: brilliant, silenced, glowing
A: weakness stinger 1
a: no special abilities


You were on level 3 of the Dungeon.
You visited 1 branch of the dungeon, and saw 3 of its levels.

You collected 95 gold pieces.

Inventory:

Hand Weapons
 a - a +0 hand axe (weapon)
Missiles
 i - 6 poisoned darts
 m - 2 boomerangs (quivered)
Armour
 d - an orb of light (worn)
 h - a +0 ring mail
 k - a +1 leather armour (worn)
Jewellery
 g - an amulet of guardian spirit (around neck)
 l - a ring of protection from fire (left hand)
 p - a ring of see invisible (right hand)
Potions
 b - 3 potions of lignification
 e - a potion of cancellation


   Skills:
 + Level 3.6 Fighting
 * Level 3.9 Axes
 - Level 2.6 Dodging


You had 2 spell levels left.
You didn't know any spells.
Your spell library contained the following spells:

 Spells                   Type           Power      Damage    Failure   Level
 Magic Dart               Conj           0%         1d3       41%         1
 Call Imp                 Summ           0%         N/A       56%         2
 Inner Flame              Hex/Fire       0%         N/A       80%         3
 Mephitic Cloud           Conj/Pois/Air  0%         N/A       80%         3
 Flame Wave               Conj/Fire      0%         2d4       99%         4
 Sticky Flame             Conj/Fire      0%         2d3       99%         4


Dungeon Overview and Level Annotations

Branches:
Dungeon (3/15)

Altars:

Annotations:
D:3 Ijyb, Robin


Innate Abilities, Weirdness & Mutations

You have a small tail.


Message History

Robin roars a battlecry!
The goblin goes into a battle-frenzy!
It was a potion of curing.
You feel better.
As you read the scroll labelled CUICVI ICVOELI, it crumbles to dust.
A profound silence engulfs you.
It was a scroll of silence.
The goblin misses you.
You hit Ijyb. You tail-slap Ijyb, but do no damage.
Ijyb is moderately wounded.
You hit the goblin.
You kill the goblin!
You barely miss the hobgoblin. Ijyb barely misses you.
The hobgoblin closely misses you.
You barely miss Ijyb.
Ijyb is moderately wounded.
You hit Robin but do no damage. You hit the hobgoblin but do no damage.
Ijyb barely misses you. The hobgoblin closely misses you.
You hit Robin.
Robin is heavily wounded.
You hit the hobgoblin. You closely miss Ijyb. The hobgoblin barely misses you.
Ijyb barely misses you.
You hit Robin.
Robin is severely wounded.
You hit Ijyb but do no damage. You hit the hobgoblin.
You kill the hobgoblin!
Robin hits you with a +1 mace of holy wrath.
* * * LOW HITPOINT WARNING * * *
You convulse.
* * * LOW HITPOINT WARNING * * *
A hobgoblin comes into view.
Ijyb barely misses you.
You hit Ijyb.
Ijyb is heavily wounded.
You hit Robin but do no damage. Robin hits you but does no damage.
Ijyb hits you but does no damage.
Robin hits you with a +1 mace of holy wrath.
* * * LOW HITPOINT WARNING * * *
You convulse.
* * * LOW HITPOINT WARNING * * *
Ijyb hits you with a +0 club!
You die...

#.......##
#........#####
#.....#......####
#.....##...#....#
##########.####.#
#.†..#.##
...###########
####.#...
....g..g)....#
#.####
#@g....######..###
#####......##.....
##...####.###.
#.#..#...# #
###......### #
#.....#..#
##.#...##.# .
#g.#.#.##..# .#
#.#..#..##..#


You could see Ijyb (strong), Robin and a hobgoblin.

Vanquished Creatures
  An adder (D:2)
  A worm (D:2)
  2 dart slugs
  3 endoplasms
  2 giant cockroaches
  4 goblins
  4 hobgoblins
  3 quokkas
  A ball python (D:3)
  3 bats (D:2)
  6 frilled lizards
  7 kobolds
  5 rats
42 creatures vanquished.

Notes
Turn   | Place    | Note
-------+----------+-------------------------------------------
     0 | D:1      | booth the Demonspawn Monk began the quest for the Orb.
     0 | D:1      | Reached XP level 1. HP: 18/18 MP: 1/1
   138 | D:1      | Found a faded altar of an unknown god.
   189 | D:1      | Gained mutation: You have a small tail. [demonic ancestry]
   189 | D:1      | Reached XP level 2. HP: 24/24 MP: 2/2
   720 | D:2      | Reached XP level 3. HP: 29/29 MP: 3/3
  1533 | D:3      | Noticed Robin
  1533 | D:3      | Noticed Ijyb
  1574 | D:3      | Slain by Ijyb

Illustrated notes

Levels and vault maps discovered:
D:1:      dpeg_arrival_ternary, layout_rooms,
          hellmonk_ecumenical_altar_crossroads
D:2:      layout_loops_ring, basic_altar, nicolae_underground_beach
D:3:      layout_rooms, mainiacjoe_overflow_concentric_impassable,
          nicolae_goblin_pals

Skill      XL: |  1 |
---------------+----+-----
Axes           | 3 |  3.9
Fighting       | |  3.6
Dodging        | |  2.6

Action                     || total
---------------------------++-------
  Melee: Hand axe          ||   104
         Tailslap          ||     9
  Throw: Boomerang         ||     4
    Use: Scroll            ||     8
         Potion            ||     4
 Armour: Robe              ||     5
         Leather armour    ||    20
  Dodge: Dodged            ||    73
